 Dungeon Crawl Stone Soup version 0.22-a0-617-g6d95e9e (webtiles) character file.

25346 Supahsalami the Severer (level 12, -6/112 (113) HPs)
             Began as a Minotaur Berserker on July 12, 2018.
             Was the Champion of Trog.
             Mangled by a blink frog (13 damage)
             ... on level 3 of the Lair of Beasts.
             The game lasted 01:05:13 (19156 turns).

Supahsalami the Severer (Minotaur Berserker)       Turns: 19156, Time: 01:05:13

HP:   -6/112 (113)  AC: 17    Str: 27    XL:     12   Next: 88%
MP:   15/15         EV: 10    Int:  4    God:    Trog [******]
Gold: 818           SH:  0    Dex: 10    Spells: 11/11 levels left

rFire    . . .     SeeInvis .   a - +1 broad axe (elec)
rCold    . . .     Gourm    .   (no shield)
rNeg     . . .     Faith    .   E - +0 chain mail
rPois    .         Spirit   .   (helmet restricted)
rElec    .         Reflect  .   J - +1 cloak
rCorr    .         Harm     .   X - +1 pair of gloves
MR       .....                  (no boots)
Stlth    ..........             W - amulet of regeneration
HPRegen  0.68/turn              K - ring of stealth
MPRegen  0.14/turn              (no ring)

@: about to teleport
A: retaliatory headbutt, horns 2
a: Berserk, Trog's Hand, Brothers in Arms, Renounce Religion


You were on level 3 of the Lair of Beasts.
You worshipped Trog.
Trog was exalted by your worship.
You were not hungry.

You visited 2 branches of the dungeon, and saw 16 of its levels.
You also visited: Ossuary and Bailey.

You collected 818 gold pieces.

Inventory:

Hand Weapons
 a - a +1 broad axe of electrocution (weapon)
 b - a +1 arbalest of velocity
 c - the +7 whip "Biap" {flame, Int+3 Stlth+}
   (You found it on level 11 of the Dungeon)

   It has been specially enchanted to burn those struck by it, causing extra
   injury to most foes and up to half again as much damage against particularly
   susceptible opponents.
   It affects your intelligence (+3).
   It makes you more stealthy.
 w - a +4 dire flail of holy wrath
 M - a +0 demon whip of freezing
Missiles
 f - 33 bolts
 A - 51 tomahawks of returning
 R - 14 tomahawks (quivered)
 T - 8 javelins
Armour
 E - a +0 chain mail (worn)
 J - a +1 cloak (worn)
 X - a +1 pair of gloves (worn)
Jewellery
 H - an uncursed amulet of harm
 K - a ring of stealth (left hand)
 W - an amulet of regeneration (around neck)
Wands
 x - a wand of enslavement (43)
 y - a wand of acid (4)
 C - a wand of iceblast (10)
 I - a wand of clouds (3)
 L - a wand of flame (43)
 Q - a wand of polymorph (13)
 S - a wand of disintegration (26)
Scrolls
 h - a scroll of enchant armour
 i - 4 scrolls of fog
 l - a scroll of immolation
 q - 2 scrolls of magic mapping
 u - 6 scrolls of remove curse
 z - 2 scrolls of vulnerability {unknown}
 B - a scroll of enchant weapon
 D - 3 scrolls of identify
 G - a scroll of summoning {unknown}
 P - a scroll of silence {unknown}
 U - 5 scrolls of teleportation
 V - a scroll of noise {unknown}
Potions
 d - 7 potions of haste
 e - 6 potions of curing
 g - 4 potions of brilliance
 j - a potion of cancellation
 m - 2 potions of mutation
 n - a potion of berserk rage
 o - 8 potions of degeneration
 p - a potion of heal wounds {unknown}
 r - 5 potions of might
 s - 4 potions of lignification
 t - a potion of flight
 v - 4 potions of magic {unknown}
 Y - a potion of invisibility {unknown}
Miscellaneous
 k - a lightning rod (3/4)
 F - a sack of spiders
Comestibles
 N - 22 rations
 O - 24 chunks of flesh


   Skills:
 + Level 12.8 Fighting
 * Level 16.9 Axes
 + Level 12.5 Armour
 - Level 2.1 Dodging
 + Level 5.7 Evocations


You had 11 spell levels left.
You didn't know any spells.
Your spell library was empty.

Dungeon Overview and Level Annotations

Branches:
Dungeon (13/15)            Temple (0/1) D:6            Lair (3/6) D:10
  Snake (0/4) Lair:3          Orc (0/2) D:10
  Swamp: Lair:2-4    Shoals: Lair:2-4    Vaults: D:13-14

Altars:
Cheibriados
Dithmenos
Elyvilon
Gozag
Qazlal
Uskayaw
Vehumet
Wu Jian
Xom
Beogh

Annotations:
D:4 3 runed doors, exclusion: 3 doors, Meatbag's ghost, amateur GnSk
D:13 Erolcha


Innate Abilities, Weirdness & Mutations

You reflexively headbutt those who attack you in melee.
You have a pair of horns on your head.


Message History

Evoke which item? (* to show all) (? for menu, Esc to quit)
Aiming: Disintegrate
Press: ? - help, Shift-Dir - straight line, f - nine-headed hydra
Aim: a nine-headed hydra (heavily wounded, chance to defeat MR: 54%)
The nine-headed hydra resists with significant effort.
The blink frog hits you but does no damage.
The blink frog blinks!
The blink frog hits you!
* * * LOW HITPOINT WARNING * * *
The blink frog blinks!
The blink frog barely misses you.
The nine-headed hydra bites you but does no damage. x4
The nine-headed hydra closely misses you.
The nine-headed hydra bites you!
* * * LOW HITPOINT WARNING * * *
The nine-headed hydra barely misses you.
The nine-headed hydra bites you.
* * * LOW HITPOINT WARNING * * *
The nine-headed hydra bites you.
* * * LOW HITPOINT WARNING * * *
The blink frog hits you!
You die...

..(........P...?...##
..........P........P##.
...........P...........
.<....................)
.÷÷................#
..÷.............F..#
..................##
#P.........#...DF#r#
#...##..........@F.#
#.........÷.............
##................##P..#
...........P....#.# #.#
....#..........##.## .
..................#
..............(#
..#...♣♣♣♣♣..#.. .#...♣
♣....


You could see a nine-headed hydra, 3 blink frogs and a porcupine.

Vanquished Creatures
  2 hydras
  A catoblepas (D:13)
  An unseen horror (D:10)
  A wolf spider zombie (D:13)
  2 ugly things (D:11)
  A manticore (D:11)
  2 black mambas (Lair:1)
  A molten gargoyle (Lair:1)
  2 spiny frogs
  A centaur skeleton (D:13)
  An efreet (D:9)
  2 komodo dragons
  3 trolls
  A meliai (D:11)
  A tyrant leech (Lair:3)
  2 hornets
  6 blink frogs
  8 hippogriffs
  Sigmund (D:3)
  3 wraiths
  A fire elemental (D:10)
  26 yaks
  Eustachio (D:5)
  Menkaure (D:6)
  An acid dragon (D:11)
  2 swamp worms (Lair:3)
  Edmund (D:5)
  A water moccasin (Lair:3)
  4 porcupines
  4 sky beasts
  11 orc warriors
  A hornet zombie (D:9)
  4 phantoms
  2 necrophages
  3 ogres
  5 ice beasts
  2 black bears
  3 centaurs
  3 crocodiles
  3 big kobolds
  6 bullfrogs
  4 earth elementals
  3 water moccasin zombies
  3 scorpions
  A wyvern skeleton (D:9)
  4 killer bees (D:12)
  3 howler monkeys (D:12)
  3 wights (D:10)
  An electric eel (D:11)
  7 crimson imps
  2 bullfrog zombies
  A lava snake (Lair:1)
  A quasit (D:12)
  10 hounds
  4 jellies
  3 orc priests
  3 bullfrog skeletons
  Crazy Yiuf (D:3)
  12 orc wizards
  Ijyb (D:5)
  5 iguanas
  13 worker ants
  2 big kobold zombies (Ossuary)
  A hound zombie (D:10)
  2 mummies (Ossuary)
  A worker ant zombie (D:11)
  Robin (D:3)
  A howler monkey skeleton (D:5)
  A gnoll (Bailey)
  13 adders
  5 shadow imps
  An ooze (D:5)
  5 adder zombies
  3 worms
  A dart slug (D:4)
  6 leopard geckos
  32 orcs
  2 ball pythons
  4 giant cockroaches
  3 gnoll zombies (Ossuary)
  25 goblins
  10 hobgoblins
  12 jackals
  8 quokkas
  8 bats
  3 frilled lizards
  5 hobgoblin zombies (Ossuary)
  A jackal skeleton (D:8)
  A jackal zombie (D:6)
  36 kobolds
  6 kobold zombies (Ossuary)
  8 orc zombies (Ossuary)
  6 rats
  A fungus (Lair:3)
  A plant (Lair:3)
427 creatures vanquished.

Vanquished Creatures (collateral kills)
  A death knight (D:11)
  2 two-headed ogres
  A phantasmal warrior (D:11)
  A kobold demonologist (D:10)
  2 freezing wraiths (D:11)
  A wraith (D:10)
  An orc warrior (D:10)
  A scorpion (D:10)
  An adder (D:10)
  2 orcs (D:10)
13 creatures vanquished.

Vanquished Creatures (others)
  2 fungi (Lair:3)
  2 plants
4 creatures vanquished.

Grand Total: 444 creatures vanquished

Notes
Turn   | Place    | Note
-------+----------+-------------------------------------------
     0 | D:1      | Supahsalami the Minotaur Berserker began the quest for the Orb.
     0 | D:1      | Reached XP level 1. HP: 19/19 MP: 0/0
   157 | D:1      | Reached skill level 4 in Axes
   178 | D:1      | Reached XP level 2. HP: 26/27 MP: 1/1
   550 | D:2      | Reached XP level 3. HP: 12/33 MP: 2/2
   552 | D:1      | Reached ** piety under Trog
   905 | D:2      | Reached XP level 4. HP: 40/40 MP: 3/3
   914 | D:2      | Noticed a dagger
   916 | D:2      | Noticed a dagger
   921 | D:2      | Found a hide-covered altar of Uskayaw.
   964 | D:2      | Reached skill level 5 in Axes
  1570 | D:2      | Found a shimmering altar of Xom.
  1921 | D:3      | Found a stormy altar of Qazlal.
  1968 | D:3      | Noticed Robin
  1972 | D:3      | Killed Robin
  1972 | D:3      | Reached XP level 5. HP: 47/47 MP: 4/4
  2318 | D:3      | Noticed Sigmund
  2327 | D:3      | Killed Sigmund
  2327 | D:3      | Reached skill level 5 in Fighting
  2327 | D:3      | Reached skill level 6 in Axes
  2327 | D:3      | Reached XP level 6. HP: 55/56 MP: 5/5
  2466 | D:3      | Found a runed door.
  2596 | D:3      | Reached *** piety under Trog
  2721 | D:3      | Noticed Crazy Yiuf
  2726 | D:3      | Killed Crazy Yiuf
  3031 | D:4      | Reached skill level 7 in Axes
  3392 | D:4      | Found a sand-covered staircase.
  3397 | Ossuary  | Entered an ossuary
  3753 | Ossuary  | Reached skill level 5 in Armour
  3753 | Ossuary  | Reached XP level 7. HP: 44/62 MP: 6/6
  3767 | Ossuary  | Reached **** piety under Trog
  4193 | D:4      | Reached skill level 8 in Axes
  4234 | D:4      | Found a runed gate.
  4234 | D:4      | Found a runed gate.
  4264 | D:4      | Found a runed gate.
  4264 | D:4      | Noticed Meatbag's ghost (amateur GnSk)
  4266 | D:4      | Found a roughly hewn altar of Beogh.
  4548 | D:5      | Entered Level 5 of the Dungeon
  4597 | D:5      | Noticed Edmund
  4657 | D:5      | Killed Edmund
  4917 | D:5      | Reached XP level 8. HP: 71/71 MP: 7/7
  4972 | D:5      | Noticed Eustachio
  4976 | D:5      | Killed Eustachio
  4976 | D:5      | Reached skill level 9 in Axes
  5097 | D:5      | HP: 5/106 [ogre/giant spiked club (23)]
  5590 | D:5      | Noticed Ijyb
  5824 | D:5      | Paralysed by Ijyb for 6 turns
  5837 | D:5      | Paralysed by Ijyb for 6 turns
  5848 | D:5      | Killed Ijyb
  6241 | D:6      | Found an opulent altar of Gozag.
  6299 | D:6      | Reached skill level 10 in Axes
  6396 | D:6      | Found a staircase to the Ecumenical Temple.
  6463 | D:6      | Noticed Menkaure
  6470 | D:6      | Killed Menkaure
  6691 | D:6      | Found a snail-covered altar of Cheibriados.
  6808 | D:6      | Reached XP level 9. HP: 74/81 MP: 8/8
  7181 | D:6      | Found a shadowy altar of Dithmenos.
  7240 | D:6      | Reached skill level 11 in Axes
  7568 | D:7      | Paralysed by a hornet for 3 turns
  8099 | D:7      | Reached ***** piety under Trog
  9127 | D:9      | Noticed a troll
  9366 | D:9      | Reached skill level 12 in Axes
  9418 | D:9      | Found a white marble altar of Elyvilon.
  9418 | D:9      | Found a radiant altar of Vehumet.
  9428 | D:9      | Reached XP level 10. HP: 49/91 MP: 9/9
  9743 | D:9      | Found an ornate altar of the Wu Jian Council.
 10010 | D:9      | Reached skill level 13 in Axes
 10508 | D:10     | Entered Level 10 of the Dungeon
 10517 | D:10     | Reached skill level 10 in Fighting
 10635 | D:10     | Noticed a two-headed ogre
 10640 | D:10     | Killed a two-headed ogre
 10642 | D:10     | Noticed a smoke demon
 10680 | D:10     | Found a flagged portal.
 10694 | Bailey   | Entered a bailey
 10727 | Bailey   | Reached skill level 10 in Armour
 11232 | D:10     | Killed an unseen horror
 11232 | D:10     | Reached skill level 14 in Axes
 11702 | D:10     | Found a staircase to the Lair.
 11716 | D:10     | Reached XP level 11. HP: 101/101 MP: 10/10
 11846 | D:10     | Found a staircase to the Orcish Mines.
 12483 | D:11     | Noticed a purple ugly thing
 12492 | D:11     | Killed a purple ugly thing
 12492 | D:11     | Reached skill level 1 in Evocations
 12742 | D:11     | Got a fine whip
 12749 | D:11     | Noticed an eight-headed hydra
 12765 | D:11     | Killed an eight-headed hydra
 12970 | D:12     | Noticed a green ugly thing
 12988 | D:11     | Killed a green ugly thing
 13405 | D:11     | Noticed a two-headed ogre
 13407 | D:11     | Killed a two-headed ogre
 13408 | D:11     | Noticed a phantasmal warrior
 13411 | D:11     | Noticed a death knight
 13415 | D:11     | Killed a phantasmal warrior
 13423 | D:11     | Killed a death knight
 13615 | D:11     | Reached skill level 15 in Axes
 15025 | D:12     | Reached ****** piety under Trog
 15274 | D:12     | Received a gift from Trog
 15575 | D:12     | Identified the +7 whip "Biap" {flame, Int+3 Stlth+} (You found it on level 11 of the Dungeon)
 16473 | D:12     | Reached XP level 12. HP: 111/111 MP: 13/13
 16903 | D:13     | Noticed a catoblepas
 16957 | D:13     | Killed a catoblepas
 17010 | D:13     | Noticed Erolcha
 17078 | Lair:1   | Entered Level 1 of the Lair of Beasts
 17085 | Lair:1   | Reached skill level 16 in Axes
 18135 | Lair:2   | Reached skill level 5 in Evocations
 18981 | Lair:3   | Found a staircase to the Snake Pit.
 19023 | Lair:3   | Noticed a six-headed hydra
 19030 | Lair:3   | Killed a six-headed hydra
 19142 | Lair:3   | Noticed a five-headed hydra
 19156 | Lair:3   | Mangled by a blink frog

Vault maps used:
D:1:      dpeg_arrival_stonehenge_8_columns, minmay_tromino_v2
D:2:      xom_teletrap_fun, dancing_weapons_uskayaw
D:3:      marbit_many_paths, uniq_sigmund, uniq_crazy_yiuf_cottage, uniq_robin
D:4:      enter_ossuary_2, biasface_ghost_orc_armoury, first_ration,
          kennysheep_pointless_box
D:5:      serial_co_window_serial, co_window_corner_a, co_window_corner_a,
          co_window_paths_a, co_window_paths_a, co_window_corner_a,
          co_window_corner_a, co_window_unsneaky_path_e, co_window_corner_b,
          co_window_2corner, co_window_of_opportunity_b, co_window_corner_cb,
          co_window_corner_b, co_window_paths_d, glass_columns_c,
          glass_columns_b, glass_columns_c, glass_columns_b, uniq_edmund,
          uniq_ijyb, uniq_eustachio
D:6:      lemuel_crystal_altar, kennysheep_mini_moat,
          minmay_temple_entry_statues, grunt_gozag_breadcrumbs, uniq_menkaure
D:8:      kennysheep_small_square
D:9:      minmay_bloctagon_deflated, grunt_temple_overflow_open,
          overflow_temple_1_default
D:10:     david_lair_shrubbed, orc_0_dummy, enter_bailey_3
D:11:     minmay_stone_box, nicolae_lava_and_water
D:13:     grunt_vaults_entry_fortified, uniq_nessos, uniq_erolcha
Lair:3:   minmay_swamp_entry_worms, dummy_snake_entry
Ossuary:  ossuary_tomb_2
Bailey:   bailey_axe_1, bailey

Skill      XL: |  1  2  3  4  5  6  7  8  9 10 11 12 |
---------------+-------------------------------------+-----
Axes           | 4 5 6 7 8 10 12 14 15 16 | 16.9
Fighting       | 4 5 6 7 9 10 11 12 | 12.8
Armour         | 3 4 5 6 7 8 10 11 12 | 12.5
Evocations     | 3 5 |  5.7
Dodging        | |  2.1

Action                   |  1- 3 |  4- 6 |  7- 9 | 10-12 || total
-------------------------+-------+-------+-------+-------++-------
Melee: Hand axe          |    53 |   189 |   223 |       ||   465
       Headbutt          |    11 |    39 |    69 |   121 ||   240
       Broad axe         |       |       |   142 |   310 ||   452
       Demon whip        |       |       |       |   229 ||   229
       Unarmed           |       |       |       |     1 ||     1
 Fire: Arbalest          |       |       |       |    16 ||    16
Throw: Tomahawk          |       |       |       |    60 ||    60
Invok: Berserk           |       |     3 |     6 |    12 ||    21
       Trog's Hand       |       |     2 |     3 |     3 ||     8
       Brothers in Arms  |       |       |       |     3 ||     3
Evoke: Wand              |       |       |       |     7 ||     7
       Lightning rod     |       |       |       |     4 ||     4
       Sack of spiders   |       |       |       |     3 ||     3
  Use: Scroll            |       |       |    12 |    10 ||    22
       Potion            |       |       |       |     3 ||     3
  Eat: Chunk             |       |    11 |    19 |    27 ||    57
       Ration            |       |       |     2 |     5 ||     7
Armor: Scale mail        |    13 |    78 |    52 |       ||   143
       Chain mail        |       |       |    86 |   411 ||   497
Dodge: Dodged            |    38 |    90 |   141 |   281 ||   550

Table legend:
 A = Spawn XP
 B = Non-spawn XP
 C = Spawn XP percentage of total XP
 D = Spawn monster count
 E = Non-spawn monster count
 F = Spawn count percentage of total count
 G = Total turns spent on level
                    A         B        C        D         E        F      G
               +---------+---------+-------+---------+---------+-------+---------
         Total |       0 |   36209 |   0.0 |       0 |     438 |   0.0 | 19156
               +---------+---------+-------+---------+---------+-------+---------
           D:1 |       0 |      40 |   0.0 |       0 |      22 |   0.0 |   820
           D:2 |       0 |     101 |   0.0 |       0 |      18 |   0.0 |   998
           D:3 |       0 |     386 |   0.0 |       0 |      41 |   0.0 |   989
           D:4 |       0 |     362 |   0.0 |       0 |       8 |   0.0 |  1201
           D:5 |       0 |     901 |   0.0 |       0 |      23 |   0.0 |  1629
           D:6 |       0 |    1310 |   0.0 |       0 |      22 |   0.0 |  1176
           D:7 |       0 |     624 |   0.0 |       0 |      15 |   0.0 |   963
           D:8 |       0 |     619 |   0.0 |       0 |      14 |   0.0 |  1117
           D:9 |       0 |    3017 |   0.0 |       0 |      32 |   0.0 |  1161
          D:10 |       0 |    3047 |   0.0 |       0 |      33 |   0.0 |  1679
          D:11 |       0 |    6195 |   0.0 |       0 |      36 |   0.0 |  2422
          D:12 |       0 |    4310 |   0.0 |       0 |      54 |   0.0 |  1768
          D:13 |       0 |    2239 |   0.0 |       0 |       8 |   0.0 |    86
        Lair:1 |       0 |    4020 |   0.0 |       0 |      18 |   0.0 |   912
        Lair:2 |       0 |    3177 |   0.0 |       0 |      14 |   0.0 |   991
        Lair:3 |       0 |    4721 |   0.0 |       0 |      18 |   0.0 |   175
       Ossuary |       0 |     274 |   0.0 |       0 |      30 |   0.0 |   540
        Bailey |       0 |     866 |   0.0 |       0 |      32 |   0.0 |   529
               +---------+---------+-------+---------+---------+-------+---------
